UAA
TACOMA FUR TRADERS @ LEUPP ARROWHEADS
06/30/2018
 
TOP OF THE 1ST
Tacoma Fur Traders batting - Pitching for Leupp Arrowheads : RHP Manny Caraballo
Pitching: RHP Manny Caraballo
Batting: RHB Mike Daniels 0-0: Swinging Strike
0-1: Ball
1-1: Ball
2-1: DOUBLE (Line Drive, 9LM)
Batting: RHB Dale Blair 0-0: Foul Ball, location: 2F
0-1: Ball
1-1: Called Strike
1-2: Ball
2-2: Strikes out swinging
Batting: RHB Brett Robinson 0-0: Called Strike
0-1: Ball
1-1: Swinging Strike
1-2: Foul Ball, location: 2F
1-2: Fly out, F7 (Line Drive, 78S)
Batting: RHB Mo Zhou 0-0: Called Strike
0-1: Ball
1-1: Ball
2-1: Fly out, F8 (Line Drive, 8LD)
Top of the 1st over - 0 run(s), 1 hit(s), 0 error(s), 1 left on base; Tacoma 0 - Leupp 0
BOTTOM OF THE 1ST
Leupp Arrowheads batting - Pitching for Tacoma Fur Traders : RHP Javier López
Pitching: RHP Javier López
Batting: RHB Gabriel Pérez 0-0: Called Strike
0-1: Ball
1-1: Hit by Pitch
Batting: RHB Javier Vásquez 0-0: Ball
1-0: Ball
2-0: Ball
3-0: Called Strike
3-1: Fly out, F9 (Flyball, 89M)
Batting: RHB Jim Unknown 0-0: Reached on error, E1 (Groundball, 23)
Gabriel Pérez to second
Batting: RHB Jorge Féliz 0-0: Called Strike
Gabriel Pérez steals 3rd base
Jim Unknown to second
0-1: Ground out 5-3 (Groundball, 5S)
Batting: RHB Andrés Rodríguez 0-0: Called Strike
0-1: Foul Ball, location: 2F
0-2: Ball
1-2: Ground out 6-3 (Groundball, 6)
Bottom of the 1st over - 0 run(s), 0 hit(s), 1 error(s), 2 left on base; Tacoma 0 - Leupp 0
TOP OF THE 2ND
Tacoma Fur Traders batting - Pitching for Leupp Arrowheads : RHP Manny Caraballo
Batting: RHB Jesús Morales 0-0: Called Strike
0-1: Ball
1-1: Reached on error, E5 (Groundball, 56)
Batting: RHB Joe Craig 0-0: Ball
1-0: Called Strike
1-1: Ball
2-1: Foul Ball, location: 2F
2-2: Foul Ball, location: 2F
2-2: Ball
3-2: Strikes out looking
Batting: RHB Johnny Bryant 0-0: Ball
1-0: Swinging Strike
1-1: Swinging Strike
1-2: Strikes out swinging
Batting: RHB Alfred Roberts 0-0: Called Strike
0-1: Ball
1-1: Ball
2-1: Swinging Strike
2-2: Ball
3-2: SINGLE (Groundball, 34)
Jesús Morales to second
Jesús Morales to third
Batting: RHB Justin Saginov 0-0: Called Strike
0-1: Fly out, F8 (Flyball, 8LM)
Top of the 2nd over - 0 run(s), 1 hit(s), 1 error(s), 2 left on base; Tacoma 0 - Leupp 0
BOTTOM OF THE 2ND
Leupp Arrowheads batting - Pitching for Tacoma Fur Traders : RHP Javier López
Batting: LHB Ernie Zambrano 0-0: Bunt missed!
0-1: Ball
1-1: Ball
2-1: Foul Ball, location: 2F
2-2: Ball
3-2: Foul Ball, location: 2F
3-2: Strikes out swinging
Batting: SHB Adrián Pueblo 0-0: Called Strike
0-1: Ball
1-1: Foul Ball, location: 2F
1-2: Ball
2-2: Foul Ball, location: 2F
2-2: Ball
3-2: Fly out, F5 (Popup, 5SF)
Batting: RHB Juan Tapia 0-0: Ball
1-0: Foul Ball, location: 2F
1-1: Ball
2-1: Foul Ball, location: 2F
2-2: Fly out, F8 (Line Drive, 8LM)
Bottom of the 2nd over - 0 run(s), 0 hit(s), 0 error(s), 0 left on base; Tacoma 0 - Leupp 0
TOP OF THE 3RD
Tacoma Fur Traders batting - Pitching for Leupp Arrowheads : RHP Manny Caraballo
Batting: RHB Mike Daniels 0-0: Ball
1-0: Ball
2-0: Called Strike
2-1: Fly out, F7 (Flyball, 78M)
Batting: RHB Dale Blair 0-0: Called Strike
0-1: Ball
1-1: Foul Ball, location: 2F
1-2: Foul Ball, location: 2F
1-2: Reached on error, E6 (Groundball, 6)
Batting: RHB Brett Robinson 0-0: Ball
1-0: Called Strike
1-1: Fly out, F2 (Popup, 2LF)
Batting: RHB Mo Zhou 0-0: Called Strike
Dale Blair steals 2nd base
0-1: Ball
1-1: Swinging Strike
1-2: Foul Ball, location: 2F
1-2: DOUBLE (Line Drive, 9LM)
Dale Blair scores
Pinch Runner at 2nd Aurelio Costello:
Batting: RHB Jesús Morales 0-0: Ball
1-0: Called Strike
1-1: Ball
2-1: Fly out, F8 (Flyball, 8LS)
Top of the 3rd over - 1 run(s), 1 hit(s), 1 error(s), 1 left on base; Tacoma 1 - Leupp 0
BOTTOM OF THE 3RD
Leupp Arrowheads batting - Pitching for Tacoma Fur Traders : RHP Javier López
Now at 3B: Aurelio Costello
Batting: RHB José López 0-0: Foul Ball, location: 2F
0-1: Foul Ball, location: 2F
0-2: Ball
1-2: Ground out 6-3 (Groundball, 6)
Batting: RHB Gabriel Pérez 0-0: Called Strike
0-1: Foul Ball, location: 2F
0-2: Strikes out swinging
Batting: RHB Javier Vásquez 0-0: Fly out, F9 (Flyball, 9M)
Bottom of the 3rd over - 0 run(s), 0 hit(s), 0 error(s), 0 left on base; Tacoma 1 - Leupp 0
TOP OF THE 4TH
Tacoma Fur Traders batting - Pitching for Leupp Arrowheads : RHP Manny Caraballo
Batting: RHB Joe Craig 0-0: Called Strike
0-1: Ball
1-1: Ball
2-1: Foul Ball, location: 2F
2-2: Strikes out looking
Batting: RHB Johnny Bryant 0-0: Ball
1-0: Foul Ball, location: 2F
1-1: Swinging Strike
1-2: Strikes out swinging
Batting: RHB Alfred Roberts 0-0: Ground out 4-3 (Groundball, 4M)
Top of the 4th over - 0 run(s), 0 hit(s), 0 error(s), 0 left on base; Tacoma 1 - Leupp 0
BOTTOM OF THE 4TH
Leupp Arrowheads batting - Pitching for Tacoma Fur Traders : RHP Javier López
Batting: RHB Jim Unknown 0-0: Fly out, F9 (Flyball, 9LDF)
Batting: RHB Jorge Féliz 0-0: Ball
1-0: Fly out, F8 (Flyball, 8LM)
Batting: RHB Andrés Rodríguez 0-0: Fly out, F6 (Popup, 56)
Bottom of the 4th over - 0 run(s), 0 hit(s), 0 error(s), 0 left on base; Tacoma 1 - Leupp 0
TOP OF THE 5TH
Tacoma Fur Traders batting - Pitching for Leupp Arrowheads : RHP Manny Caraballo
Batting: RHB Justin Saginov 0-0: Foul Ball, location: 2F
0-1: Foul Ball, location: 2F
0-2: Ball
1-2: Ball
2-2: Ball
3-2: Base on Balls
Pitching: RHP Johnny Wheeler
Batting: RHB Mike Daniels 0-0: Bunt missed!
0-1: Ball
1-1: Ball
2-1: Sac Bunt - play at first, batter OUT! 5-4
Justin Saginov to second
Batting: RHB Dale Blair 0-0: Ball
1-0: SINGLE (Groundball, 25) (infield hit)
Justin Saginov to third
Batting: RHB Brett Robinson 0-0: Foul Ball, location: 2F
0-1: Swinging Strike
0-2: Ball
1-2: Ball
2-2: Ball
3-2: Fly out, F9 (Flyball, 9S)
Batting: SHB Aurelio Costello 0-0: Ball
1-0: Foul Ball, location: 2F
1-1: Swinging Strike
1-2: Strikes out swinging
Top of the 5th over - 0 run(s), 1 hit(s), 0 error(s), 2 left on base; Tacoma 1 - Leupp 0
BOTTOM OF THE 5TH
Leupp Arrowheads batting - Pitching for Tacoma Fur Traders : RHP Javier López
Batting: LHB Ernie Zambrano 0-0: Ball
1-0: Fly out, F7 (Flyball, 78D)
Batting: SHB Adrián Pueblo 0-0: Foul Ball, location: 2F
0-1: Ball
1-1: SINGLE (Groundball, 56D)
Batting: RHB Juan Tapia 0-0: Called Strike
0-1: Swinging Strike
0-2: Foul Ball, location: 2F
0-2: Ball
1-2: Ball
2-2: Fielders Choice at 2nd, 6-4 (Groundball, 6M)
Batting: RHB José López Pickoff Throw to First - Out!
Bottom of the 5th over - 0 run(s), 1 hit(s), 0 error(s), 0 left on base; Tacoma 1 - Leupp 0
TOP OF THE 6TH
Tacoma Fur Traders batting - Pitching for Leupp Arrowheads : RHP Johnny Wheeler
Batting: RHB Jesús Morales 0-0: DOUBLE (Line Drive, 89XD)
Batting: RHB Joe Craig 0-0: Called Strike
0-1: Ground out 1-3 (Groundball, 15)
Batting: RHB Johnny Bryant 0-0: Foul Ball, location: 2F
0-1: Ball
1-1: Foul Ball, location: 2F
1-2: Strikes out swinging
Batting: RHB Alfred Roberts 0-0: Foul Ball, location: 2F
0-1: Ball
1-1: Fly out, F8 (Flyball, 8RM)
Top of the 6th over - 0 run(s), 1 hit(s), 0 error(s), 1 left on base; Tacoma 1 - Leupp 0
BOTTOM OF THE 6TH
Leupp Arrowheads batting - Pitching for Tacoma Fur Traders : RHP Javier López
Batting: RHB José López 0-0: Ball
1-0: Ball
2-0: Ball
3-0: Called Strike
3-1: Called Strike
3-2: Foul Ball, location: 2F
3-2: SINGLE (Groundball, 56)
Batting: RHB Gabriel Pérez 0-0: Bunted foul
0-1: Sac Bunt - play at first, batter OUT! 1-4
José López to second
Batting: RHB Javier Vásquez 0-0: Fly out, F9 (Flyball, 9M)
Batting: RHB Jim Unknown 0-0: Ball
1-0: Ball
2-0: Called Strike
2-1: Ball
3-1: Base on Balls
Batting: RHB Jorge Féliz 0-0: Ball
1-0: Ground out 1-3 (Groundball, 15)
Bottom of the 6th over - 0 run(s), 1 hit(s), 0 error(s), 2 left on base; Tacoma 1 - Leupp 0
TOP OF THE 7TH
Tacoma Fur Traders batting - Pitching for Leupp Arrowheads : RHP Johnny Wheeler
Pitching: RHP José Zapata
Batting: RHB Justin Saginov 0-0: Foul Ball, location: 2F
0-1: Called Strike
0-2: Foul Ball, location: 2F
0-2: Ball
1-2: Ball
2-2: Strikes out swinging
Batting: RHB Mike Daniels 0-0: Ball
1-0: Swinging Strike
1-1: Ball
2-1: Foul Ball, location: 2F
2-2: Strikes out swinging
Batting: RHB Dale Blair 0-0: Ball
1-0: Ball
2-0: Foul Ball, location: 2F
2-1: Ball
3-1: Foul Ball, location: 2F
3-2: Foul Ball, location: 2F
3-2: SINGLE (Line Drive, 56)
Batting: RHB Brett Robinson 0-0: Ball
1-0: Called Strike
1-1: DOUBLE (Groundball, 5L)
Dale Blair to third
Runner from 3rd tries for Home, SAFE, no throw or cutoff
Batting: SHB Aurelio Costello 0-0: Ball
1-0: Ball
2-0: Fly out, F9 (Flyball, 89S)
Top of the 7th over - 1 run(s), 2 hit(s), 0 error(s), 1 left on base; Tacoma 2 - Leupp 0
BOTTOM OF THE 7TH
Leupp Arrowheads batting - Pitching for Tacoma Fur Traders : RHP Javier López
Batting: RHB Andrés Rodríguez 0-0: Ball
1-0: Called Strike
1-1: Ball
2-1: Ground out 4-3 (Groundball, 6M)
Batting: LHB Ernie Zambrano 0-0: Foul Ball, location: 2F
0-1: Ball
1-1: Swinging Strike
1-2: Ball
2-2: Strikes out swinging
Batting: SHB Adrián Pueblo 0-0: Swinging Strike
0-1: Ball
1-1: Fly out, F6 (Popup, 6M)
Bottom of the 7th over - 0 run(s), 0 hit(s), 0 error(s), 0 left on base; Tacoma 2 - Leupp 0
TOP OF THE 8TH
Tacoma Fur Traders batting - Pitching for Leupp Arrowheads : RHP José Zapata
Batting: RHB Jesús Morales 0-0: Ball
1-0: Ball
2-0: Foul Ball, location: 2F
2-1: Foul Ball, location: 2F
2-2: Foul Ball, location: 2F
2-2: Ball
3-2: Fly out, F7 (Flyball, 7S)
Batting: RHB Joe Craig 0-0: Ball
1-0: Foul Ball, location: 2F
1-1: Ball
2-1: Called Strike
2-2: Fly out, F7 (Flyball, 78XD)
Batting: RHB Johnny Bryant 0-0: Foul Ball, location: 2F
0-1: Fly out, F9 (Flyball, 9S)
Top of the 8th over - 0 run(s), 0 hit(s), 0 error(s), 0 left on base; Tacoma 2 - Leupp 0
BOTTOM OF THE 8TH
Leupp Arrowheads batting - Pitching for Tacoma Fur Traders : RHP Javier López
Now in CF: Fernando Moreno
Batting: RHB Juan Tapia 0-0: Swinging Strike
0-1: Called Strike
0-2: Ball
1-2: Strikes out looking
Batting: RHB José López 0-0: Called Strike
0-1: Called Strike
0-2: Ground out 6-3 (Groundball, 6M)
Batting: RHB Gabriel Pérez 0-0: Called Strike
0-1: Called Strike
0-2: Ground out 2-3 (Groundball, 2R)
Bottom of the 8th over - 0 run(s), 0 hit(s), 0 error(s), 0 left on base; Tacoma 2 - Leupp 0
TOP OF THE 9TH
Tacoma Fur Traders batting - Pitching for Leupp Arrowheads : RHP José Zapata
Pitching: RHP Mark Bourg
Batting: RHB Alfred Roberts 0-0: Ball
1-0: Ball
2-0: Ball
3-0: Base on Balls
Batting: RHB Justin Saginov 0-0: Called Strike
0-1: Swinging Strike
0-2: Foul Ball, location: 2F
0-2: Foul Ball, location: 2F
0-2: Strikes out looking
Batting: RHB Mike Daniels 0-0: Called Strike
0-1: Grounds into double play, U4-3 (Groundball, 4)
Top of the 9th over - 0 run(s), 0 hit(s), 0 error(s), 0 left on base; Tacoma 2 - Leupp 0
BOTTOM OF THE 9TH
Leupp Arrowheads batting - Pitching for Tacoma Fur Traders : RHP Javier López
Pitching: LHP Greg Jordan
Batting: RHB Javier Vásquez 0-0: Foul Ball, location: 2F
0-1: Called Strike
0-2: Ball
1-2: Fly out, F1 (Popup, 23)
Batting: RHB Jim Unknown 0-0: Called Strike
0-1: Ball
1-1: Foul Ball, location: 2F
1-2: Strikes out looking
Batting: RHB Jorge Féliz 0-0: Ball
1-0: Ball
2-0: Foul Ball, location: 2F
2-1: Foul Ball, location: 2F
2-2: Ground out 6-3 (Groundball, 6M)
Bottom of the 9th over - 0 run(s), 0 hit(s), 0 error(s), 0 left on base; Tacoma 2 - Leupp 0
This league is powered by Out of the Park Baseball, the baseball management simulation game for PC, Mac and Linux
Monday, May 4th, 2015 - OOTP Baseball 15.6 Build 34